 Dungeon Crawl Stone Soup version 0.23.2-33-g5129a83184 (webtiles) character file.

Game seed: 3195179188529729277

259 funkygono the Vandal (level 5, 0/46 HPs)
             Began as a Minotaur Hunter on July 21, 2019.
             Succumbed to an adder's poison
             ... on level 2 of the Dungeon.
             The game lasted 00:04:55 (1894 turns).

funkygono the Vandal (Minotaur Hunter)              Turns: 1894, Time: 00:04:56

Health: 0/46       AC:  4    Str: 16    XL:     5   Next: 95%
Magic:  4/4        EV:  9    Int:  8    God:
Gold:   80         SH:  8    Dex: 12    Spells: 4/4 levels left

rFire    . . .     SeeInvis .   a - +0 club
rCold    . . .     Gourm    .   e - +1 shield
rNeg     . . .     Faith    .   c - +0 leather armour
rPois    .         Spirit   .   (helmet unavailable)
rElec    .         Reflect  .   (no cloak)
rCorr    .         Harm     .   (no gloves)
MR       .....                  (no boots)
Stlth    +.........             (no amulet)
HPRegen  0.15/turn              (no ring)
MPRegen  0.09/turn              (no ring)

@: lethally poisoned (0 -> -4)
A: retaliatory headbutt, horns 3, talons 1, sense surroundings 1, shaggy fur 1
a: no special abilities


You were on level 2 of the Dungeon.
You were not hungry.

You visited 1 branch of the dungeon, and saw 2 of its levels.

You collected 80 gold pieces.

Inventory:

Hand Weapons
 a - a +0 club (weapon)
 b - a +1 hunting sling
 g - a +0 short sword
Missiles
 d - 9 sling bullets
 j - 103 stones (quivered)
Armour
 c - a +0 leather armour (worn)
 e - a +1 shield (worn)
Scrolls
 m - a scroll of identify
 n - a scroll of teleportation
 r - a scroll of remove curse
Potions
 l - 2 potions of flight
 p - a potion of mutation
Comestibles
 f - 4 rations


   Skills:
 + Level 4.0 Fighting
 + Level 1.1 Maces & Flails
 + Level 6.0 Slings
 + Level 2.8 Armour
 + Level 2.7 Dodging
 + Level 1.1 Stealth
 + Level 1.1 Shields


You had 4 spell levels left.
You didn't know any spells.
Your spell library was empty.

Dungeon Overview and Level Annotations

Branches:
Dungeon (2/15)

Altars:


Innate Abilities, Weirdness & Mutations

You reflexively headbutt those who attack you in melee.
You have a pair of large horns on your head.
You have sharp toenails.
You passively map a small area around you.
You are covered in fur. (AC +1)


Message History

You feel sick.
You hear a shout!
You hear an angry hiss.
A hobgoblin comes into view. It is wielding a +0 club.
Unknown command.
* * * LOW HITPOINT WARNING * * *
You feel sick.
You see here 12 gold pieces.
Okay, then.
Okay, then.
There is a lethal amount of poison in your body!
There is a lethal amount of poison in your body!
* * * LOW HITPOINT WARNING * * *
You feel sick.
* * * LOW HITPOINT WARNING * * *
You feel sick.
* * * LOW HITPOINT WARNING * * *
You feel sick.
* * * LOW HITPOINT WARNING * * *
You feel sick.
You die...

#.#........#.#.....
#
#...##.#.#......g,
, * #...##.....#*
...,
........#.#.##....
, *
.#.................
..........###.... *
#####.#.g........ ,
#.#..####.... *
#....@.......
###.#......#.
#..((....# *
#.#####.## ## *#


You could see a hobgoblin.

Vanquished Creatures
  Sigmund (D:2)
  Natasha (D:2)
  4 adders (D:2)
  3 worms (D:2)
  2 dart slugs
  A ball python (D:2)
  A giant cockroach (D:2)
  6 goblins
  A hobgoblin (D:2)
  2 jackals (D:2)
  6 kobolds
  2 bats
  2 frilled lizards
  3 rats (D:2)
35 creatures vanquished.

Notes
Turn   | Place    | Note
-------+----------+-------------------------------------------
     0 | D:1      | funkygono the Minotaur Hunter began the quest for the Orb.
     0 | D:1      | Reached XP level 1. HP: 18/18 MP: 0/0
   215 | D:1      | Reached XP level 2. HP: 25/25 MP: 1/1
   763 | D:2      | Reached skill level 5 in Slings
   822 | D:2      | Reached XP level 3. HP: 30/30 MP: 2/2
   875 | D:2      | Reached skill level 1 in Stealth
  1381 | D:2      | Reached skill level 1 in Armour
  1381 | D:2      | Reached XP level 4. HP: 16/38 MP: 3/3
  1671 | D:2      | Noticed Natasha
  1675 | D:2      | Killed Natasha
  1721 | D:2      | Noticed Sigmund
  1740 | D:2      | Killed Sigmund
  1740 | D:2      | Reached skill level 1 in Maces & Flails
  1740 | D:2      | Reached skill level 6 in Slings
  1740 | D:2      | Reached skill level 1 in Shields
  1740 | D:2      | Reached XP level 5. HP: 30/46 MP: 0/4
  1882 | D:2      | Gained mutation: You passively map a small area around you.
                  | [potion of mutation]
  1882 | D:2      | Gained mutation: You are covered in fur. (AC +1) [potion of
                  | mutation]
  1882 | D:2      | Gained mutation: You have a pair of large horns on your
                  | head. [potion of mutation]
  1882 | D:2      | Gained mutation: You have sharp toenails. [potion of
                  | mutation]
  1889 | D:2      | HP: 2/46 [poisoned by an adder]
  1894 | D:2      | Succumbed to an adder's poison

Skill      XL: |  1  2  3  4 |
---------------+-------------+-----
Slings         | 5 6 |  6.0
Stealth        | 1 |  1.1
Fighting       | 3 4 |  4.0
Armour         | 1 2 |  2.8
Maces & Flails | 1 |  1.1
Shields        | 1 |  1.1
Dodging        | |  2.7

Action                   |  1- 3 |  4- 6 || total
-------------------------+-------+-------++-------
Melee: Club              |    44 |    22 ||    66
       Headbutt          |     3 |     2 ||     5
 Fire: Hunting sling     |    59 |    16 ||    75
  Use: Scroll            |     3 |     3 ||     6
       Potion            |     1 |     2 ||     3
  Eat: Chunk             |     1 |     2 ||     3
Armor: Leather armour    |    10 |     1 ||    11
Dodge: Dodged            |    24 |     8 ||    32
Block: Shield            |    15 |     7 ||    22
